 Dungeon Crawl Stone Soup version 0.22.1-2-g9c5b331 (webtiles) character file.

22 MalarOregon the Caller (level 2, 0/21 HPs)
             Began as a Merfolk Summoner on Nov 18, 2018.
             Succumbed to an adder's poison
             ... on level 2 of the Dungeon.
             The game lasted 00:02:41 (2020 turns).

MalarOregon the Caller (Merfolk Summoner)           Turns: 2020, Time: 00:02:42

Health: 0/21       AC:  2    Str:  8    XL:     2   Next: 91%
Magic:  0/5        EV: 13    Int: 14    God:
Gold:   99         SH:  0    Dex: 14    Spells: 2/5 levels left

rFire    + . .     SeeInvis .   (no weapon)
rCold    + . .     Gourm    .   (no shield)
rNeg     . . .     Faith    .   a - +0 robe
rPois    +         Spirit   .   (no helmet)
rElec    +         Reflect  .   (no cloak)
rCorr    +         Harm     .   (no gloves)
MR       .....                  (no boots)
Stlth    ++........             (no amulet)
HPRegen  0.07/turn              (no ring)
MPRegen  0.09/turn              (no ring)

@: lethally poisoned (0 -> -4), resistant
A: change form in water, swift swim, stealthy swim
a: no special abilities


You were on level 2 of the Dungeon.
You were not hungry.

You visited 1 branch of the dungeon, and saw 2 of its levels.

You collected 99 gold pieces.

Inventory:

Missiles
 g - 30 stones (quivered)
Armour
 a - a +0 robe (worn)
Jewellery
 c - a +2 amulet of reflection
   (You found it on level 1 of the Dungeon)
 j - an uncursed ring of positive energy {unknown}
   (You found it on level 2 of the Dungeon)
Scrolls
 b - 2 scrolls of remove curse {unknown}
 d - a scroll of enchant weapon {unknown}
 f - 2 scrolls of magic mapping {unknown}
 h - 4 scrolls of identify {@r1}
Comestibles
 e - 6 rations {!d}
 k - 3 chunks of flesh


   Skills:
 + Level 1.0 Fighting
 + Level 0.8 Throwing
 + Level 3.1 Dodging
 - Level 2.1 Stealth
 + Level 2.2 Spellcasting
 + Level 4.1 Summonings


You had 2 spell levels left.
You knew the following spells:

 Your Spells              Type           Power        Failure   Level  Hunger
a - Summon Small Mammal   Summ           ##..         4%          1    #......
x - Call Imp              Summ           ##......     6%          2    ###....

Your spell library contained the following spells:

 Spells                   Type           Power        Failure   Level  Hunger
 Call Canine Familiar     Summ           ##......     13%         3    ###....
 Summon Guardian Golem    Hex/Summ       #.......     30%         3    ###....
 Summon Ice Beast         Ice/Summ       #.......     69%         4    #####..
 Summon Lightning Spire   Summ/Air       #.......     69%         4    #####..


Dungeon Overview and Level Annotations

Branches:
Dungeon (2/15)

Altars:
Elyvilon


Message History

You closely miss the hobgoblin. The hobgoblin barely misses you.
An adder comes into view.
A beastly little devil appears in a puff of flame.
The hobgoblin hits you with a club.
A beastly little devil appears in a puff of flame.
Your crimson imp hits the hobgoblin.
Your crimson imp blinks!
The hobgoblin barely misses your crimson imp.
You don't have enough magic to cast that spell.
You hit the hobgoblin.
The adder closely misses your crimson imp.
Your crimson imp hits the hobgoblin but does no damage.
You hit the hobgoblin but do no damage. The adder misses your crimson imp.
The hobgoblin closely misses you. The adder misses your crimson imp.
Your crimson imp blinks!
You hit the hobgoblin but do no damage. The hobgoblin hits you with a club.
You barely miss the hobgoblin. The hobgoblin closely misses you.
You hit the hobgoblin but do no damage. The hobgoblin hits you with a club.
You hit the hobgoblin.
You kill the hobgoblin!
Your Fighting skill increases to level 1!
You barely miss the adder. The adder bites you.
* * * LOW HITPOINT WARNING * * *
You are poisoned.
The adder poisons you! The adder closely misses you.
You swap places.
You feel sick.
Your crimson imp blinks! x3
You feel sick.
Your crimson imp blinks!
A shadowy apparition takes form in the air.
Your crimson imp blinks!
The adder completely misses you.
Your crimson imp blinks!
The adder bites you.
* * * LOW HITPOINT WARNING * * *
You swap places.
* * * LOW HITPOINT WARNING * * *
You feel sick.
The adder closely misses your shadow imp.
Your shadow imp misses the adder.
It was a potion of resistance.
You feel protected. The adder misses your shadow imp.
Your shadow imp barely misses the adder.
There is a lethal amount of poison in your body!
You aren't carrying any potions.
As you read the scroll labeled SIBOPN NAOH, it crumbles to dust.
It is a scroll of identify.
c - a +2 amulet of reflection You die...

.### .(. .... ..... ..#
.## #.#.###.# .#
###.......## .# #......
... .# #.##.##..# #)#
## #.##.##..# #.#
#.##.##..###.#
#.##.##..@5S.# ###
#.##.##.###..#
##.###(##.##.# #..#
###.......#.##.##...#
....................ยง.
###...##..#######...##
#..##...# ##5##
#.###.#.# ....
#.......# #.###


You could see an adder and a friendly shadow imp.

Vanquished Creatures
  A bat (D:1)
  A hobgoblin (D:2)
  A jackal (D:1)
  2 frilled lizards
  A rat (D:1)
6 creatures vanquished.

Vanquished Creatures (collateral kills)
  A worm (D:2)
  A dart slug (D:1)
  A giant cockroach (D:1)
  2 goblins (D:1)
  3 hobgoblins
  A jackal (D:1)
  A ball python (D:1)
  2 bats (D:1)
  2 frilled lizards (D:1)
  3 kobolds
  2 rats
19 creatures vanquished.

Grand Total: 25 creatures vanquished

Notes
Turn   | Place    | Note
-------+----------+-------------------------------------------
     0 | D:1      | MalarOregon the Merfolk Summoner began the quest for the
                  | Orb.
     0 | D:1      | Reached XP level 1. HP: 13/13 MP: 3/3
   382 | D:1      | Reached XP level 2. HP: 13/20 MP: 0/5
   530 | D:1      | Learned a level 2 spell: Call Imp
  1813 | D:2      | Found a white marble altar of Elyvilon.
  2012 | D:2      | Reached skill level 1 in Fighting
  2018 | D:2      | HP: 1/21 [poisoned by an adder]
  2020 | D:2      | Succumbed to an adder's poison

Skill      XL: |  1  2 |
---------------+-------+-----
Dodging        | 3 |  3.1
Fighting       | 1 |  1.0
Throwing       | |  0.8
Stealth        | |  2.1
Spellcasting   | |  2.2
Summonings     | |  4.1

Action                   || total
-------------------------++-------
Melee: Unarmed           ||    98
 Cast: Summon Small Mamm ||    12
       Call Imp          ||    15
  Use: Scroll            ||     1
       Potion            ||     1
 Stab: Sleeping          ||     1
  Eat: Chunk             ||     5
Armor: Robe              ||    16
Dodge: Dodged            ||    87
